AoeStats
← 泰拉第一老女人-凯尔希

Arena

509304729Analyzed
2v2 RM · 5d ago on Sep 26, 2026· 26m 34s· 4 players
Game mode
Random Map
Map size
Medium (4 player)
Population
200
Speed
Normal
Resources
Standard
Victory
Conquest
Starting age
Dark Age
Ending age
Imperial Age
RankedLock teamsTeams togetherTeam positionsShared explorationLock speedFull tech treeHidden civsTurbo modeCheats
Victory
Defeat
🇩🇪 Bohemians · Germany
1001
+11
🇮🇹 Teutons · Italy
877
+15
_King_N00b_
10:36 Feudal Age
8:52 Loom
10:38 Loom
16:12 Castle Age
15:25 Horse Collar
15:39 Double-Bit Axe
18:07 Gold Mining
22:34 Ironclad
Thoth
9:34 Feudal Age
16:44 Castle Age
15:50 Double-Bit Axe
16:08 Horse Collar
18:28 Fervor
19:29 Bow Saw
19:22 Heavy Plow
21:11 Wheelbarrow
24:38 Hand Cart
28:45 Imperial Age
27:59 Chemistry
邦多利第一耐摔王-莫提斯
12:07 Feudal Age
15:47 Castle Age
14:00 Double-Bit Axe
13:57 Horse Collar
16:44 Bow Saw
16:35 Heavy Plow
23:46 Wheelbarrow
27:21 Hand Cart
泰拉第一老女人-凯尔希
10:56 Feudal Age
14:32 Castle Age
12:36 Double-Bit Axe
14:00 Horse Collar
23:19 Wheelbarrow
Connection lost

Rejoining the realm…

Still unreachable

The connection could not be restored.

Session expired

The server has moved on; the page needs a fresh start.